 Dungeon Crawl Stone Soup version 0.26.0-10-g1f06aea511 (webtiles) character file.

Game seed: 14653009808135791081

24 shitwizard the Chopper (level 2, 0/24 HPs)
             Began as a Demonspawn Chaos Knight on Jan 24, 2021.
             Was a Plaything of Xom.
             Slain by an iron imp (12 damage)
             ... summoned by Xom
             ... on level 1 of the Dungeon.
             The game lasted 00:01:48 (1354 turns).

shitwizard the Chopper (Demonspawn Chaos Knight)    Turns: 1354, Time: 00:01:48

Health: 0/24       AC:  5    Str: 12      XL:     2   Next: 79%
Magic:  2/2        EV: 11    Int: 13      God:    Xom [...*..]
Gold:   58         SH:  0    Dex: 11 (12) Spells: 1/1 levels left

rFire    . . .     SeeInvis .   a - +0 hand axe (chaos)
rCold    . . .     Faith    .   (no shield)
rNeg     . . .     Spirit   .   b - +2 leather armour
rPois    .         Reflect  .   (no helmet)
rElec    .         Harm     .   (no cloak)
rCorr    .         Rampage  .   (no gloves)
Will     .....                  (no boots)
Stlth    +.........             (no amulet)
HPRegen  0.08/turn              (no ring)
MPRegen  0.08/turn              (no ring)

@: no status effects
A: powered by pain 1
a: Renounce Religion


You were on level 1 of the Dungeon.
You worshipped Xom.
You were a favourite toy of Xom.
You visited 1 branch of the dungeon, and saw 1 of its levels.

You collected 58 gold pieces.

Inventory:

Hand Weapons
 a - a +0 hand axe of chaos (weapon)
Armour
 b - a +2 leather armour (worn)
Jewellery
 i - an uncursed ring of wizardry {unknown}
Scrolls
 d - 2 scrolls of identify {unknown}
 f - a scroll of magic mapping {unknown}
 g - a scroll of remove curse {unknown}
Potions
 c - a potion of brilliance {unknown}
 e - 4 potions of degeneration {unknown}
 h - a potion of mutation {unknown}


   Skills:
 - Level 3.2 Fighting
 + Level 3.4 Axes
 - Level 1.9 Armour
 - Level 0.9 Dodging


You had one spell level left.
You didn't know any spells.
Your spell library was empty.

Dungeon Overview and Level Annotations

Branches:
Dungeon (1/15)

Altars:


Innate Abilities, Weirdness & Mutations

You sometimes gain a little power by taking damage.


Message History

You kill the quasit!
You closely miss the iron imp. The iron imp hits you.
You hit the iron imp.
The iron imp is severely wounded.
You completely miss the iron imp.
The iron imp is severely wounded.
The iron imp misses you.
You barely miss the iron imp.
The iron imp is severely wounded.
The iron imp closely misses you.
You hit the iron imp.
The iron imp is severely wounded.
The iron imp laughs crazily.
The iron imp barely misses you.
You barely miss the iron imp.
The iron imp is severely wounded.
The iron imp hits you!
Ouch! That really hurt!
You die... "Boring in life, boring in death..."

...)...........# #.#
.###.#...#.###.# #.# .# #.##..#.#
#.# #.# .#
#.##..#.###.##############.### .#
#...........##......##........ .#
####+######.##.####.##.###.### .#
##...## #.##.# #.##.# #.# # ##
##.....## #.##.####.##.# #.### #
##.......###..@...##.##.# #....
###.........####.5..##.##.####...
..'.........'....................
###.........####....##.##........
# ##.......## ##......########..
# ##.....## ###.#### ####.. #
##.>.## #.# #..).# ##'## ##.#
#.##.. #†# #..# #.####


You could see an iron imp (summoned, strong).

Vanquished Creatures
  A leopard gecko (D:1)
  4 goblins (D:1)
  5 hobgoblins (D:1)
  A kobold (D:1)
  6 bats (D:1)
  3 rats (D:1)
20 creatures vanquished.

Notes
Turn   | Place    | Note
-------+----------+-------------------------------------------
     0 | D:1      | shitwizard the Demonspawn Chaos Knight began the quest for
                  | the Orb.
     0 | D:1      | Reached XP level 1. HP: 18/18 MP: 1/1
   335 | D:1      | XOM: silly message
   384 | D:1      | Gained mutation: You sometimes gain a little power by
                  | taking damage. [demonic ancestry]
   384 | D:1      | Reached XP level 2. HP: 15/24 MP: 2/2
   983 | D:1      | XOM: smoke on damage
  1060 | D:1      | XOM: silly message
  1207 | D:1      | XOM: silly message
  1340 | D:1      | XOM is BORED!
  1340 | D:1      | XOM: summons 2 hostile demons
  1354 | D:1      | Slain by an iron imp

Illustrated notes

Levels and vault maps discovered:
D:1:      sevenhm_arrival_forest_fort_large_2, layout_loops_corners

Skill      XL: |  1  2 |
---------------+-------+-----
Axes           | 3 |  3.4
Fighting       | |  3.2
Armour         | |  1.9
Dodging        | |  0.9

Action                   || total
-------------------------++-------
Melee: Hand axe          ||    99
Armor: Leather armour    ||    48
Dodge: Dodged            ||   104
